 Dungeon Crawl Stone Soup version 0.26-b1-32-g5d43845318 (webtiles) character file.

Game seed: 16105710492430384708

2024 DerHolg the Chucker (level 9, -6/76 HPs)
             Began as a Troll Hunter on Jan 5, 2021.
             Was an Initiate of Hepliaklqana.
             Mangled by an orc warrior
             ... wielding a +0 halberd
              (19 damage)
             ... on level 7 of the Dungeon.
             The game lasted 00:24:40 (5404 turns).

DerHolg the Chucker (Troll Hunter)                  Turns: 5404, Time: 00:24:40

Health: -6/76      AC:  7    Str: 22    XL:     9   Next: 3%
Magic:  8/8        EV: 12    Int:  7    God:    Hepliaklqana [......]
Gold:   390        SH:  0    Dex: 13    Spells: 8/8 levels left

rFire    + . .     SeeInvis +     - Unarmed
rCold    . . .     Faith    .   (no shield)
rNeg     . . .     Spirit   .   b - +1 robe
rPois    .         Reflect  .   (helmet restricted)
rElec    .         Harm     .   (no cloak)
rCorr    .         Rampage  .   (gloves unavailable)
Will     .....                  (boots unavailable)
Stlth    +.........             (no amulet)
HPRegen  0.62/turn              k - ring of see invisible
MPRegen  0.11/turn              l - ring of protection from fire

@: no status effects
A: large, unfitting armour, reduced essence, claws 3, regeneration 1, shaggy fur
1, tough skin 3
a: Renounce Religion, Recall Ancestor, Ancestor Identity


You were on level 7 of the Dungeon.
You worshipped Hepliaklqana.
Hepliaklqana was noncommittal.
You visited 2 branches of the dungeon, and saw 8 of its levels.

You collected 390 gold pieces.

Inventory:

Hand Weapons
 C - a +0 giant spiked club
Missiles
 c - 2 large rocks (quivered)
 d - 2 throwing nets
 w - a boomerang
Armour
 b - a +1 robe (worn)
Jewellery
 k - a ring of see invisible (left claw)
 l - a ring of protection from fire (right claw)
 m - an uncursed ring of resist corrosion
Wands
 y - a wand of acid (9)
 z - a wand of polymorph (7)
 A - a wand of iceblast (10)
Scrolls
 e - 7 scrolls of identify
 f - 7 scrolls of remove curse
 g - a scroll of immolation
 h - 2 scrolls of magic mapping
 q - 7 scrolls of teleportation
 B - a scroll of blinking
Potions
 a - 3 potions of cancellation {unknown}
 i - 3 potions of ambrosia {unknown}
 j - 4 potions of curing {unknown}
 n - 2 potions of heal wounds {unknown}
 o - a potion of resistance {unknown}
 p - a potion of invisibility {unknown}
 r - 3 potions of might {unknown}
 s - 2 potions of degeneration {unknown}
 t - a potion of flight {unknown}
 u - a potion of attraction {unknown}
 v - 4 potions of lignification {unknown}


   Skills:
 + Level 4.5 Fighting
 + Level 6.0 Throwing
 + Level 4.2 Armour
 + Level 4.6 Dodging
 - Level 0.3 Stealth
 + Level 5.1 Unarmed Combat


You had 8 spell levels left.
You didn't know any spells.
Your spell library contained the following spells:

 Spells                   Type           Power        Failure   Level
 Animate Skeleton         Necr           0%           43%         1
 Pain                     Necr           0%           43%         1
 Vampiric Draining        Necr           0%           80%         3
 Animate Dead             Necr           0%           99%         4
 Agony                    Necr           0%           100%        5


Dungeon Overview and Level Annotations

Branches:
Dungeon (7/15)             Temple (1/1) D:5

Altars:
Ashenzari
Cheibriados
Dithmenos
Elyvilon
Fedhas
Gozag
Hepliaklqana
Kikubaaqudgha
Makhleb
Okawaru
Qazlal
Trog
Vehumet
Wu Jian
Xom
Yredelemnul
The Shining One

Shops:
D:7 !


Innate Abilities, Weirdness & Mutations

You are too large for most types of armour.
You have claws for hands.
Your natural rate of healing is unusually fast.
You are covered in fur. (AC +1)
You have extremely tough skin. (AC +3)
Your life essence is reduced to manifest your ancestor. (-10% HP)


Message History

The white imp hits you. The white imp freezes you.
The orc warrior closely misses you.
You claw the white imp!
You kill the white imp!
The orc warrior closely misses you.
Throw: 4 large rocks
Press: ? - help, Q - select action, (/) - cycle Shift-Dir - straight line, f/p - orc warrior
Aim: an orc warrior, wielding a +0 halberd and wearing a +0 plate armour (lightly wounded)
You throw a large rock.
The large rock barely misses the orc warrior.
The orc warrior hits you from afar with a +0 halberd.
Throw: 3 large rocks
Press: ? - help, Q - select action, (/) - cycle Shift-Dir - straight line, f/p - orc warrior
Aim: an orc warrior, wielding a +0 halberd and wearing a +0 plate armour (lightly wounded)
You throw a large rock. The large rock hits the orc warrior!!
The orc warrior is almost dead.
The orc warrior hits you from afar with a +0 halberd!
* * * LOW HITPOINT WARNING * * *
The orc warrior hits you from afar with a +0 halberd!!
You die...

#.,.#..,.# #.,...,..# #.#.∩.#..#
******* #........#*********
,**,,,** #...#.....,,,,,,,,,
,,,,,,,** #........#*********
,,,,,,,,* #........#
,,,,,,,,*###**#........#
,,,,,,,,,,...*##@#.##### ****
,,,,,,,,***#.#*#.#.# *,,,
,**,,,*,*###..##o#.## ******,,,
,,,,,,,,,.......W...####*,,,,,,,,
,,,,,,,,*####...........,,****,,,
,,,,,,,,,........$......******,,,
,,,,,,,,*####)))(.......,,,,,,,,,
,,,,,,,,****#.<......?.#***,,,,,,
,,,,,,,,,,,,#.[........#***,,,,,,


You could see a phantom and an orc warrior.

Vanquished Creatures
  A troll (D:6)
  Eustachio (D:5)
  Duvessa (D:6)
  An ice beast (D:5)
  3 phantoms
  A centaur (D:5)
  2 ogres
  A bullfrog (D:6)
  A gnoll sergeant (D:5)
  Dowan (D:6)
  A scorpion (D:4)
  A bullfrog zombie (D:5)
  2 hounds
  3 orc wizards
  A jelly (D:4)
  A gnoll shaman (D:4)
  2 iguanas (D:5)
  Ijyb (D:3)
  3 worker ants
  A mummy (D:6)
  7 gnolls
  2 adders
  A white imp (D:7)
  2 oozes
  An adder skeleton (D:4)
  4 worms
  15 dart slugs
  5 leopard geckos
  17 orcs
  2 ball pythons
  7 bats
  3 giant cockroaches
  7 goblins
  10 hobgoblins
  13 jackals
  3 quokkas
  6 frilled lizards
  A hobgoblin zombie (D:6)
  3 kobolds
  A kobold zombie (D:6)
  An orc zombie (D:6)
  A quokka skeleton (D:4)
  9 rats
150 creatures vanquished.

Vanquished Creatures (collateral kills)
  A bullfrog skeleton (D:6)
  A gnoll (D:5)
  An ufetubus (D:6)
  An orc (D:7)
  A hobgoblin zombie (D:6)
5 creatures vanquished.

Vanquished Creatures (others)
  An ancestor (D:7)
  A plant (D:5)
2 creatures vanquished.

Grand Total: 157 creatures vanquished

Notes
Turn   | Place    | Note
-------+----------+-------------------------------------------
     0 | D:1      | DerHolg the Troll Hunter began the quest for the Orb.
     0 | D:1      | Reached XP level 1. HP: 19/19 MP: 0/0
    81 | D:1      | Reached XP level 2. HP: 28/28 MP: 1/1
   431 | D:1      | Reached skill level 1 in Unarmed Combat
   441 | D:1      | Reached XP level 3. HP: 35/35 MP: 2/2
   995 | D:2      | Reached skill level 1 in Armour
  1614 | D:3      | Noticed a phantom
  1663 | D:2      | Killed a phantom
  1664 | D:2      | Reached skill level 4 in Throwing
  1664 | D:2      | Reached XP level 4. HP: 30/42 MP: 3/3
  1664 | D:2      | Reached XP level 5. HP: 35/49 MP: 4/4
  2293 | D:3      | Noticed Ijyb
  2305 | D:3      | Killed Ijyb
  2529 | D:4      | Reached XP level 6. HP: 59/59 MP: 5/5
  3177 | D:4      | You fall into a shaft and drop 2 floors!
  3298 | D:5      | Entered Level 5 of the Dungeon
  3364 | D:5      | Reached XP level 7. HP: 50/67 MP: 6/6
  3395 | D:5      | Found a broken altar of Ashenzari.
  3396 | D:5      | Found a white marble altar of Elyvilon.
  3482 | D:5      | Noticed Eustachio
  3513 | D:5      | Killed Eustachio
  3514 | D:5      | Reached skill level 5 in Throwing
  3729 | D:4      | HP: 3/67 [ogre/+0 giant club (31)]
  3843 | D:4      | Reached XP level 8. HP: 68/78 MP: 7/7
  4113 | D:5      | Found a staircase to the Ecumenical Temple.
  4121 | Temple   | Entered the Ecumenical Temple
  4142 | Temple   | Became a worshipper of Hepliaklqana the Forgotten
  4796 | D:6      | Noticed a troll
  4805 | D:6      | Killed a troll
  4870 | D:6      | Noticed Duvessa
  4871 | D:6      | Noticed Dowan
  4880 | D:6      | Killed Duvessa
  4901 | D:6      | Killed Dowan
  5077 | D:6      | Reached skill level 5 in Unarmed Combat
  5361 | D:6      | Reached skill level 6 in Throwing
  5361 | D:6      | Reached XP level 9. HP: 71/76 MP: 8/8
  5385 | D:7      | Found Wegue's Distillery.
  5404 | D:7      | Mangled by an orc warrior

Illustrated notes

Levels and vault maps discovered:
D:1:      dpeg_arrival_round_c, layout_basic, minmay_misc_feat_diagonals,
          minmay_octomino_e4
D:2:      layout_loops_ring
D:3:      kennysheep_slugbush, layout_loops_ring, uniq_ijyb
D:4:      layout_gridville
D:5:      layout_basic, gammafunk_temple_overflow_wave,
          minmay_temple_entry_grid, uniq_eustachio
D:6:      layout_basic, minmay_mini_ossuary, uniq_duvessa
D:7:      layout_rooms, enter_bailey_5, serial_shops, nicolae_shop_stone
Temple:   eino_wide_crystal_templ

Skill      XL: |  1  2  3  4  5  6  7  8 |
---------------+-------------------------+-----
Unarmed Combat | 1 2 3 5 |  5.1
Dodging        | 2 3 4 |  4.6
Armour         | 1 2 3 4 |  4.2
Fighting       | 2 3 4 |  4.5
Throwing       | 4 5 6 |  6.0
Stealth        | |  0.3

Action                   |  1- 3 |  4- 6 |  7- 9 || total
-------------------------+-------+-------+-------++-------
Melee: Unarmed           |   150 |   168 |   186 ||   504
       Punch             |     1 |     1 |     2 ||     4
Throw: Boomerang         |       |       |     3 ||     3
       Large rock        |       |       |     5 ||     5
  Use: Scroll            |       |    11 |     1 ||    12
 Stab: Sleeping          |     2 |       |     1 ||     3
Armor: Robe              |    52 |    39 |    88 ||   179
Dodge: Dodged            |    66 |    58 |   153 ||   277
